Map: Prüfung von Aiur LE

Players

Panda - Winner!

  • Race: Zerg Zerg
  • League: Platinum
  • Spawn Location: 5:00

Frenzzy

  • Race: Terran Terran
  • League: Platinum
  • Spawn Location: 11:00

VOD

Have the link to the VOD?

Description

Time

  • Played on: Aug. 30, 2017, 4:47 p.m.
  • Length: 6:15
Show
View Real Time Build Order
Export as new Build Order

Panda Zerg - Winner!

Build Orders: Pool Only, Ravager All-In 

Get SALT Encoding   

  12  0:01  Drone  
  13  0:13  Overlord  
  13  0:20  Drone  
  14  0:31  Extractor  
  13  0:36  Drone x3  
  13  0:42  Extractor  
  15  0:51  Spawning Pool  
  15  0:57  Drone  
  15  1:01  Drone  
  16  1:10  Drone  
  17  1:20  Overlord  
  17  1:40  Roach Warren  
  17  1:45  Zergling x2  
  17  1:47  Zergling x2  
  17  1:53  Overlord  
  18  2:03  Overlord  
  18  2:24  Roach x2  
  24  2:37  Roach  
  24  2:54  Ravager x2  
  26  3:00  Roach x2  
  26  3:05  Ravager  
  30  3:30  Roach  
  30  3:31  Roach x2  
  36  3:38  Ravager x2  
  34  4:25  Roach x3  
  40  4:51  Roach x2  
  44  4:54  Ravager x2  
  41  5:33  Roach x3  
Show
View Real Time Build Order
Export as new Build Order

Frenzzy Terran 

Build Orders:  

Get SALT Encoding   

  12  0:02  SCV  
  13  0:16  Supply Depot  
  13  0:18  SCV  
  14  0:25  Refinery  
  14  0:30  SCV  
  15  0:42  Barracks  
  15  0:48  SCV  
  16  1:00  SCV  
  17  1:12  SCV  
  18  1:24  SCV  
  19  1:30  Supply Depot  
  19  1:32  Marine  
  20  1:33  Factory  
  20  1:36  SCV  
  21  1:49  SCV  
  22  1:54  Barracks Reactor  
  22  1:58  Refinery  
  23  2:01  SCV  
  23  2:13  SCV  
  24  2:25  Orbital Command  
  24  2:37  Barracks Tech Lab  
  28  2:45  Factory  
  28  2:48  Starport  
  28  2:58  Marauder  
  25  3:08  Cyclone  
  25  3:09  SCV  
  29  3:19  Marauder  
  31  3:44  Supply Depot  
  31  3:53  SCV  
  30  3:56  Supply Depot  
  30  4:05  Cyclone  
  30  4:06  Marauder  
  32  4:10  Barracks  
  32  4:12  Barracks  
  28  4:17  Factory Tech Lab  
  28  4:22  SCV  
  28  4:27  Marine  
  29  4:37  Siege Tank  
  32  4:44  Marine  
  31  4:56  Supply Depot  
  31  4:59  Supply Depot  
  31  5:09  Marine x2, SCV  
  28  5:14  Marine  
  27  5:27  Marine x2, SCV  
  27  5:32  Marine  
  28  5:45  Marine x2  
  30  5:50  Marine  
  30  6:00  SCV  
Tags
 
Add a new tag
Caveats
  • Supply blocks, unpowered buildings, or Contaminate may cause inaccurate times.
  • Supply counts are checked every 10 seconds.